 Dungeon Crawl Stone Soup version 0.21.1-1-g345015f (webtiles) character file.

36 inc the Ducker (level 3, -3/17 HPs)
             Began as a Felid Fighter on Apr 22, 2018.
             Killed from afar by a dart slug (7 damage)
             ... with a slug dart
             ... on level 1 of the Dungeon.
             The game lasted 00:01:23 (913 turns).

inc the Ducker (Felid Fighter)                       Turns: 913, Time: 00:01:24

Health: -3/17      AC:  1    Str: 12    XL:     3   Next: 19%
Magic:  4/4        EV: 21    Int:  9    God:
Gold:   6          SH:  0    Dex: 16    Spells: 2/2 levels left
                                        Lives:  0   Deaths: 0

rFire    . . .     SeeInvis +     - Unarmed
rCold    . . .     Gourm    .   (shield unavailable)
rNeg     . . .     Faith    .   (armour unavailable)
rPois    .         Spirit   .   (helmet unavailable)
rElec    .         Reflect  .   (cloak unavailable)
rCorr    .         Harm     .   (gloves unavailable)
MR       .....                  (boots unavailable)
Stlth    ++........             (no amulet)
HPRegen  0.05/turn              j - +4 ring of slaying
MPRegen  0.09/turn              (no ring)

@: quick
A: very small, no armour, no weapons or thrown items, stealth, claws 1, fangs 3,
see invisible, carnivore, speed 1, shaggy fur 1, slow metabolism 1, sharp paws
a: no special abilities


You were on level 1 of the Dungeon.
You were not hungry.

You visited 1 branch of the dungeon, and saw 1 of its levels.

You collected 6 gold pieces.

Inventory:

Jewellery
 j - a +4 ring of slaying (left paw)
Scrolls
 c - 2 scrolls of identify {unknown}
 d - a scroll of teleportation {unknown}
 e - a scroll of fog {unknown}
 g - a scroll of magic mapping {unknown}
 i - a scroll of immolation {unknown}
Potions
 a - a potion of might
 f - a potion of brilliance {unknown}
 h - a potion of curing {unknown}
 k - a potion of berserk rage {unknown}
Comestibles
 b - 2 rations


   Skills:
 + Level 3.2 Fighting
 - Level 5.6 Dodging
 - Level 4.0 Unarmed Combat


You had 2 spell levels left.
You didn't know any spells.

Dungeon Overview and Level Annotations

Branches:
Dungeon (1/15)

Altars:


Innate Abilities, Weirdness & Mutations

You cannot wear armour.
You are incapable of wielding weapons or throwing items.
Your paws allow you to move quietly. (Stealth)
You have sharp claws.
You have razor-sharp teeth.
You have supernaturally acute eyesight. (SInv)
You are carnivorous and can eat meat at any time.
You cover ground quickly.
You are covered in fur. (AC +1)
You have a slow metabolism.
Your sharp claws are effective at attacking unaware monsters.


Message History

* * * LOW HITPOINT WARNING * * *
You are too injured to fight recklessly!
You are too injured to fight recklessly!
You are too injured to fight recklessly!
You are too injured to fight recklessly!
You are too injured to fight recklessly!
You are too injured to fight recklessly!
You are too injured to fight recklessly!
You are too injured to fight recklessly!
You are too injured to fight recklessly!
You are too injured to fight recklessly!
You are too injured to fight recklessly!
You are too injured to fight recklessly!
You are too injured to fight recklessly!
You barely miss the dart slug. You scratch the dart slug.
You bite the dart slug.
The dart slug is almost dead.
The dart slug launches a dart at you. The slug dart hits you!
You die...

#.#.##
#....†....g####...
#.#.. ##
#.........## ##..
..#.##
..###.........#
#... .##.#
...#.........# #...
.# #.#
###...........#
#>..
#.............#
##..
#.##..........# ##.
#.###.........# ##
#####.###@w.).)...#
#........#.###...##
#....†.....# ###..#
#......)...# ##.##
#..........# #..#
#.........## ##.###
#.........## #...#
#...........# ###>#
..##........# #.#


You could see a dart slug.

Vanquished Creatures
  A leopard gecko (D:1)
  A ball python (D:1)
  A giant cockroach (D:1)
  7 goblins (D:1)
  3 hobgoblins (D:1)
  4 jackals (D:1)
  4 bats (D:1)
  2 frilled lizards (D:1)
  4 kobolds (D:1)
  3 rats (D:1)
30 creatures vanquished.

Notes
Turn   | Place    | Note
-------+----------+-------------------------------------------
     0 | D:1      | inc the Felid Fighter began the quest for the Orb.
     0 | D:1      | Reached XP level 1. HP: 10/10 MP: 2/2
   100 | D:1      | Reached XP level 2. HP: 9/14 MP: 3/3
   145 | D:1      | Reached skill level 5 in Dodging
   632 | D:1      | Reached XP level 3. HP: 13/17 MP: 4/4
   913 | D:1      | Killed from afar by a dart slug

Skill      XL: |  1  2 |
---------------+-------+-----
Dodging        | 5 |  5.6
Fighting       | |  3.2
Unarmed Combat | |  4.0

Action                   || total
-------------------------++-------
Melee: Unarmed           ||    84
       Bite              ||     5
 Stab: Sleeping          ||     1
Armor: Skin              ||     3
Dodge: Dodged            ||    86
